 Dungeon Crawl Stone Soup version 0.20-a0-791-gf6451d4 (webtiles) character file.

1372 Amciq the Chucker (level 8, -3/79 HPs)
             Began as a Troll Hunter on Mar 1, 2017.
             Was an Initiate of Trog.
             Killed from afar by an electric eel (9 damage)
             ... with a bolt of electricity
             ... on level 6 of the Dungeon.
             The game lasted 00:15:38 (4948 turns).

Amciq the Chucker (Troll Hunter)                    Turns: 4948, Time: 00:15:39

Health: -3/79      AC:  5    Str: 21    XL:     8   Next: 38%
Magic:  7/7        EV: 12    Int:  7    God:    Trog [......]
Gold:   337        SH:  0    Dex: 14    Spells: 7/7 levels left

rFire    . . .     SeeInvis +   h - +0 giant club
rCold    . . .     Gourm    +   b - +0 robe
rNeg     . . .     Faith    .   (shield currently unavailable)
rPois    .         Spirit   .   (helmet restricted)
rElec    .         Reflect  .   (no cloak)
rCorr    .         Harm     .   (gloves unavailable)
MR       .....                  (boots unavailable)
Stlth    +.........             e - amulet of regeneration
Regen    1.1/turn               (no ring)
MPRegen  0.1/turn               C - ring of see invisible

@: no status effects
A: unfitting armour, claws 3, fangs 1, agile 1, fast metabolism 3, gourmand,
sense surroundings 1, regeneration 1, screaming 1, shaggy fur 1, tough skin 2
a: Burn Spellbooks, Renounce Religion


You were on level 6 of the Dungeon.
You worshipped Trog.
Trog was noncommittal.
You were very full.

You visited 2 branches of the dungeon, and saw 7 of its levels.

You collected 337 gold pieces.

Inventory:

Hand Weapons
 h - a +0 giant club (weapon)
Missiles
 c - 5 large rocks (quivered)
 d - 2 throwing nets
Armour
 b - a +0 robe (worn)
Jewellery
 e - an amulet of regeneration (around neck)
 C - a ring of see invisible (left claw)
Wands
 s - a wand of confusion (25/48)
 y - a wand of random effects (31/48)
Scrolls
 j - 2 scrolls of remove curse
 m - 3 scrolls of teleportation
 n - 4 scrolls of identify {unknown}
 u - 2 scrolls of magic mapping {unknown}
Potions
 a - 2 potions of brilliance {unknown}
 g - a potion of agility
 i - a potion of berserk rage
 k - 2 potions of haste
 v - a potion of curing
Comestibles
 f - 5 bread rations
 o - 12 fruits
 q - 7 royal jellies
 w - 2 meat rations


   Skills:
 + Level 4.8 Fighting
 + Level 3.6 Maces & Flails
 + Level 6.1 Throwing
 + Level 4.6 Dodging
 - Level 0.3 Stealth


You had 7 spell levels left.
You didn't know any spells.

Dungeon Overview and Level Annotations

Branches:
Dungeon (6/15)             Temple (1/1) D:4

Altars:
Ashenzari
Cheibriados
Dithmenos
Elyvilon
Fedhas
Gozag
Kikubaaqudgha
Makhleb
Qazlal
Ru
Sif Muna
Trog
Uskayaw
Vehumet
Wu Jian
Xom
Yredelemnul
Zin
The Shining One

Shops:
D:4 }

Annotations:
D:5 Eustachio


Innate Abilities, Weirdness & Mutations

You are too large for most types of armour.
You have claws for hands.
Your metabolism is lightning-fast.
You like to eat raw meat.
Your natural rate of healing is unusually fast.
You are covered in fur. (AC +1)
You have very tough skin. (AC +2)
You have very sharp teeth.
You are agile. (Dex +2)
You passively map a small area around you.
You occasionally shout uncontrollably at your foes.


Message History

* * * LOW HITPOINT WARNING * * *
The electric eel shoots out a bolt of lightning at you!
The bolt of electricity hits the plant.
The bolt of electricity hits you!
* * * LOW HITPOINT WARNING * * *
You start resting.
An electric eel is nearby!
The electric eel shoots out a bolt of lightning at you!
The bolt of electricity hits the plant.
The bolt of electricity misses you. The bolt of electricity hits you!
* * * LOW HITPOINT WARNING * * *
You feel better.
The electric eel shoots out a bolt of lightning at you!
The bolt of electricity hits the electric eel.
The electric eel completely resists.
The bolt of electricity hits the plant.
The bolt of electricity misses you.
The electric eel shoots out a bolt of lightning at you!
The bolt of electricity hits the plant.
The bolt of electricity hits you!
* * * LOW HITPOINT WARNING * * *
The bolt of electricity hits you!
You die...

#......#≈≈≈ , #.##.#.#
##....###.;≈. #.##.#.# , ,,
#†.....#≈≈≈≈.##.*#.##.#.# ,
.÷......≈≈≈..P.# #.##.#.####
,
#......#≈≈≈P....##.##......+
##....###.≈≈..##.#.####.####
#......#≈≈≈≈P...P#......# *
........≈≈;≈;.P..######## *
#......#≈≈≈≈P##.@# ,,,
##....###≈≈....###
#......#≈≈P..###≈# ,,
.......≈≈..###≈..# * ,, , ,
≈......≈.###≈...P# , ,
#.....≈≈##≈≈≈P..##, * ,
###'#####≈≈≈≈.P.## *
≈##..##≈≈≈≈≈≈≈...# * *
###''###≈≈≈≈≈≈≈.P#


You could see 3 electric eels.

Vanquished Creatures
  The ghost of alcopop the Cutter, a novice VSFi of Wu Jian (D:6)
  A black bear (D:5)
  An ogre (D:6)
  2 centaurs (D:6)
  2 scorpions
  2 electric eels (D:6)
  A howler monkey (D:6)
  A hound (D:5)
  An orc priest (D:5)
  A bullfrog skeleton (D:6)
  3 orc wizards
  An iguana (D:5)
  A worker ant (D:5)
  A hound zombie (D:5)
  A hound skeleton (D:6)
  4 gnolls (D:4)
  3 adders
  A shadow imp (D:6)
  2 adder skeletons
  A worm (D:2)
  2 dart slugs
  2 leopard geckos
  10 orcs
  4 goblins
  3 hobgoblins
  6 jackals
  3 quokkas
  A ball python (D:1)
  A ball python skeleton (D:4)
  8 bats
  8 frilled lizards
  A jackal zombie (D:6)
  7 kobolds
  A leopard gecko zombie (D:6)
  A quokka skeleton (D:5)
  5 rats
94 creatures vanquished.

Notes
Turn   | Place    | Note
-------+----------+-------------------------------------------
     0 | D:1      | Amciq the Troll Hunter began the quest for the Orb.
     0 | D:1      | Reached XP level 1. HP: 19/19 MP: 0/0
   248 | D:1      | Reached XP level 2. HP: 28/28 MP: 1/1
   577 | D:2      | Reached skill level 4 in Throwing
   683 | D:2      | Reached XP level 3. HP: 34/35 MP: 2/2
  1476 | D:3      | Reached XP level 4. HP: 44/44 MP: 3/3
  2024 | D:4      | Found a staircase to the Ecumenical Temple.
  2033 | Temple   | Entered the Ecumenical Temple
  2265 | Temple   | Became a worshipper of Trog the Wrathful
  2308 | D:4      | Noticed a phantom
  2438 | D:4      | Reached XP level 5. HP: 42/52 MP: 4/4
  2534 | D:4      | Found Wowk's Gadget Boutique.
  2573 | D:4      | Found a shattered altar of Ashenzari.
  2790 | D:5      | Entered Level 5 of the Dungeon
  2893 | D:5      | Noticed Eustachio
  3025 | D:5      | Gained mutation: You occasionally shout uncontrollably at your foes. [potion of mutation]
  3025 | D:5      | Gained mutation: You are agile. (Dex +2) [potion of mutation]
  3025 | D:5      | Gained mutation: You passively map a small area around you. [potion of mutation]
  3025 | D:5      | Gained mutation: You have very sharp teeth. [potion of mutation]
  3316 | D:5      | Reached skill level 1 in Maces & Flails
  3316 | D:5      | Reached XP level 6. HP: 13/61 MP: 5/5
  3867 | D:5      | Reached skill level 5 in Throwing
  3973 | D:6      | Reached XP level 7. HP: 68/68 MP: 6/6
  4478 | D:6      | Noticed alcopop's ghost (novice VSFi)
  4491 | D:6      | Killed alcopop's ghost
  4491 | D:6      | Reached skill level 6 in Throwing
  4491 | D:6      | Reached XP level 8. HP: 61/79 MP: 7/7
  4947 | D:6      | HP: 2/79 [electric eel/bolt of electricity (9)]
  4948 | D:6      | Killed from afar by an electric eel

Vault maps used:
D:1:      lemuel_arrival_lava_pool
D:2:      kennysheep_generic_room_10
D:4:      lemuel_coloured_pillars_altar, minmay_temple_entry_junction,
          serial_shops, shop
D:5:      black_bear_nest_2, first_bread, uniq_eustachio
D:6:      wad_lake_hut, overflow_temple_1_default, grunt_ministairs_15,
          grunt_decor_cap, guppyfry_shop_venom
Temple:   eino_narrow_crystal_temple

Skill      XL: |  1  2  3  4  5  6  7 |
---------------+----------------------+-----
Throwing       | 4 5 6 |  6.1
Dodging        | 2 3 4 |  4.6
Fighting       | 2 3 4 |  4.8
Maces & Flails | 1 2 3 |  3.6
Stealth        | |  0.3

Action                   |  1- 3 |  4- 6 |  7- 9 || total
-------------------------+-------+-------+-------++-------
Melee: Short sword       |   179 |   136 |       ||   315
       Flail             |       |    82 |       ||    82
       Bite              |       |    13 |    10 ||    23
       Unarmed           |       |    55 |       ||    55
       Giant club        |       |       |    56 ||    56
Throw: Large rock        |       |     3 |       ||     3
  Use: Potion            |       |     8 |     1 ||     9
       Scroll            |       |     5 |       ||     5
 Stab: Sleeping          |     1 |     2 |       ||     3
  Eat: Chunk             |    19 |    18 |    14 ||    51
Armor: Robe              |    95 |    99 |    16 ||   210
Dodge: Dodged            |   113 |   173 |    37 ||   323
